 Dungeon Crawl Stone Soup version 0.23-a0-760-g92239d2 (webtiles) character file.

161 SmSkdm the Magician (level 5, 0/34 HPs)
             Began as a Kitsune Transmuter on May 9, 2019.
             Slain by Sigmund
             ... wielding a +0 scythe
              (4 damage)
             ... on level 4 of the Dungeon.
             The game lasted 00:09:25 (2931 turns).

SmSkdm the Magician (Kitsune Transmuter)            Turns: 2931, Time: 00:09:25

Health: 0/34       AC: 10    Str:  8    XL:     5   Next: 70%
Magic:  10/10      EV:  0    Int: 16    God:
Gold:   215        SH:  0    Dex: 17    Spells: 8/11 levels left

rFire    . . .     SeeInvis .     - Unarmed
rCold    . . .     Gourm    .   (no shield)
rNeg     . . .     Faith    .   s - +0 plate armour
rPois    .         Spirit   .   (helmet restricted)
rElec    .         Reflect  .   (no cloak)
rCorr    .         Harm     .   (no gloves)
MR       .....                  (no boots)
Stlth    ..........             (no amulet)
HPRegen  0.11/turn              (no ring)
MPRegen  0.12/turn              (no ring)

@: no status effects
A: charm monsters, no helmets, claws 1
a: Charm Monsters


You were on level 4 of the Dungeon.
You were hungry.

You visited 1 branch of the dungeon, and saw 4 of its levels.

You collected 215 gold pieces.

Inventory:

Missiles
 a - 48 arrows
Armour
 b - a +0 robe
 m - a +0 pair of gloves
 s - a +0 plate armour (worn)
Scrolls
 c - 2 scrolls of teleportation {unknown}
 e - a scroll of enchant weapon {unknown}
 h - 7 scrolls of remove curse {unknown}
 i - 2 scrolls of identify {unknown}
 k - a scroll of fog {unknown}
 n - a scroll of magic mapping {unknown}
 p - a scroll of random uselessness {unknown}
 t - a scroll of immolation {unknown}
Potions
 f - a potion of heal wounds {unknown}
 g - a potion of resistance
 j - a potion of brilliance
 l - a potion of degeneration {unknown}
 q - a potion of curing {unknown}
 r - a potion of cancellation {unknown}
Comestibles
 d - 4 rations


   Skills:
 + Level 2.0 Fighting
 + Level 1.6 Dodging
 + Level 3.5 Unarmed Combat
 + Level 3.6 Spellcasting
 + Level 3.5 Transmutations


You had 8 spell levels left.
You knew the following spells:

 Your Spells              Type           Power        Failure   Level  Hunger
a - Beastly Appendage     Tmut           ##....       100%        1    None
b - Sticks to Snakes      Tmut           ##......     100%        2    ##.....

Your spell library contained the following spells:

 Spells                   Type           Power        Failure   Level  Hunger
 Spider Form              Tmut/Pois      #.........   100%        3    ###....
 Ice Form                 Ice/Tmut       #.......     100%        4    ####...
 Blade Hands              Tmut           ##........   100%        5    ######.


Dungeon Overview and Level Annotations

Branches:
Dungeon (4/15)
 Temple: D:4-7

Altars:
Dithmenos
Trog

Annotations:
D:4 Sigmund


Innate Abilities, Weirdness & Mutations

You can charm monsters.
You have fox ears (no helmets).
You have sharp fingernails.


Message History

Something hits you but does no damage.
You closely miss something.
You hear some strange, mumbled words.
A puff of flame appears from out of thin air!
The puff of flame hits you!
You closely miss something. Something hits you but does no damage.
Your magical contamination has completely faded away.
Your plate armour prevents you from hitting something.
You closely miss something. Something hits you but does no damage.
You miss something. Something hits you but does no damage.
You miss something.
You feel less exhausted.
Your plate armour prevents you from hitting something.
Something completely misses you.
You closely miss something.
Your plate armour prevents you from hitting something.
Something hits you!
* * * LOW HITPOINT WARNING * * *
You closely miss something. Something hits you.
You die...

. .. #####
...
##...##....
#..<.......
#..........
#..@.......
##.{.###...
#...# ##
......
.........
..........
...........
#############


There were no monsters in sight!

Vanquished Creatures
  Jessica (D:2)
  An adder (D:3)
  A gnoll (D:1)
  2 worms
  3 dart slugs (D:2)
  2 leopard geckos
  A ball python (D:2)
  8 bats
  4 giant cockroaches
  11 goblins
  4 hobgoblins
  2 jackals
  2 quokkas (D:2)
  4 frilled lizards
  8 kobolds
  9 rats
63 creatures vanquished.

Vanquished Creatures (collateral kills)
  2 orc priests (D:3)
  2 adders
  2 orcs (D:3)
  A hobgoblin (D:1)
  A kobold (D:3)
8 creatures vanquished.

Grand Total: 71 creatures vanquished

Notes
Turn   | Place    | Note
-------+----------+-------------------------------------------
     0 | D:1      | SmSkdm the Kitsune Transmuter began the quest for the Orb.
     0 | D:1      | Reached XP level 1. HP: 12/12 MP: 3/3
   165 | D:1      | Reached skill level 1 in Fighting
   165 | D:1      | Reached XP level 2. HP: 9/18 MP: 2/5
   560 | D:1      | Reached XP level 3. HP: 18/23 MP: 7/7
  1148 | D:2      | Learned a level 2 spell: Sticks to Snakes
  1213 | D:2      | Reached XP level 4. HP: 26/28 MP: 8/8
  1255 | D:2      | Noticed Jessica
  1275 | D:2      | Killed Jessica
  1300 | D:2      | Found a shadowy altar of Dithmenos.
  1309 | D:2      | Found a bloodstained altar of Trog.
  1758 | D:3      | Reached XP level 5. HP: 19/34 MP: 10/10
  2600 | D:4      | Noticed Sigmund
  2931 | D:4      | Slain by Sigmund

Vault maps used:
D:1:      dpeg_arrival_arbitrary_b
D:2:      nicolae_overflow_hidden_temple, amethyst_overflow_temple_binary,
          minmay_hexomino_u4, uniq_jessica
D:3:      first_ration, kennysheep_path_1
D:4:      okawaru_ov_weapons_minmay, chequers_serial_rivers_small_b,
          uniq_sigmund, uniq_natasha

Skill      XL: |  1  2  3  4  5 |
---------------+----------------+-----
Fighting       | 1 2 |  2.0
Unarmed Combat | 3 |  3.5
Spellcasting   | 3 |  3.6
Transmutations | 3 |  3.5
Dodging        | |  1.6

Action                   |  1- 3 |  4- 6 || total
-------------------------+-------+-------++-------
Melee: Unarmed           |    59 |   161 ||   220
       Kick              |     6 |       ||     6
       Headbutt          |     2 |     1 ||     3
       Punch             |       |     2 ||     2
 Cast: Beastly Appendage |     6 |     1 ||     7
       Sticks to Snakes  |     1 |     2 ||     3
 Abil: Charm Monsters    |     4 |     6 ||    10
  Use: Potion            |       |     2 ||     2
 Stab: Betrayed ally     |     1 |     1 ||     2
       Sleeping          |     2 |     2 ||     4
  Eat: Chunk             |     1 |     5 ||     6
Armor: Robe              |     7 |    23 ||    30
       Plate armour      |       |    25 ||    25
Dodge: Dodged            |    36 |    84 ||   120

Table legend:
 A = Non-vault XP
 B = Vault XP
 C = Vault XP percentage of total XP
 D = Non-vault monster count
 E = Vault monster count
 F = Vault count percentage of total count
                 A         B        C        D         E       F
            +---------+---------+-------+---------+---------+-------
      Total |     196 |      35 |  15.2 |      64 |       5 |   7.2
            +---------+---------+-------+---------+---------+-------
        D:1 |      36 |       0 |   0.0 |      15 |       0 |   0.0
        D:2 |      54 |      35 |  39.3 |      26 |       5 |  16.1
        D:3 |     106 |       0 |   0.0 |      23 |       0 |   0.0
            +---------+---------+-------+---------+---------+-------
